← All builds
Geo sea / Legion / Economy first / OBSERVED BUILD

Standard geo sea

Legion Geo sea build order · Supreme Isthmus

The role's baseline: bot lab reclaimed for metal, shipyard built in the cove, Syracusia and Geothermal Powerplant on normal timing, transitioning into Argonaut and other naval units to contest the sea for the rest of the game.

Usually shipyard in the cove (93%) · geo on time (60%)

#naval #eco · 59 distinct matches · 27 players · 72% of Legion Geo sea games · team won 52% of 60 · Recently observed

HOW TO PLAY IT

Key timing: Shipyard by 3:06

  1. Open with mex and solar, then put down Legion Bot Lab for reclaim.
  2. Build Legion Bot Lab early, planning to eat it for metal.
  3. Build shipyard and reclaim the bot lab into the sea economy.
  4. Eat the Legion Bot Lab at 3:12 to fund early sea units.
  5. Add Syracusia then geothermal, transition into Argonaut-led sea army.

Phase by phase

TYPICAL OF ITS 59 GAMES
  1. 1
  2. 2
  3. 3
  4. 4
PLAY THE OPENING

Follow the example game's first 6:00 step by step: what to build now, what comes next, and where it goes. At 1× it keeps pace with your own game.

  1. 1

    Up to the Legion Bot Lab

    Economy
    • Metal Extractor3Mex
    • Wind Turbine3Wind
    Order
    1. Legion Bot LabLegion Bot Lab after 3 mex, 3 winddone ~1:11, middle half 1:05–1:26

    Some games also: wind for allies (38%)

    By 0:55 in all: 3 mex · 3 wind

    The example game in this phase · 3 steps
    1. Mex ×3
    2. Wind ×3
    3. Legion Bot LabLegion Bot Labdone 1:06 · typical 1:11
  2. 2

    Legion Bot Lab to Shipyard

    Economy
    • Metal Extractor1Mex
    Order
    1. ShipyardShipyard after 4 mex, 4 winddone ~3:16, middle half 2:41–3:37
    Builders
    • Zagreus3 Zagreus
    • Legion Construction Bot3 Legion Construction Bot

    Some games also: wind (50%) · con turret (48%) · Toxotai (40%) · wind for allies (37%) · Goblin (32%)

    By 2:43 in all: 4 mex · 4 wind

    The example game in this phase · 6 steps
    1. Legion Construction BotLegion Construction Bot
    2. Wind ×2for Air
    3. ZagreusZagreus ×2
    4. ToxotaiToxotai
    5. Legion Construction BotLegion Construction Bot ×2
    6. ShipyardShipyarddone 2:39 · typical 3:16
  3. 3

    Shipyard to 5:00

    Economy
    • Metal Extractor4Mex
    • Wind Turbine2Wind
    Order
    1. Legion Bot LabEat Legion Bot Lab
    Builders
    • Construction Ship1 Con ship
    Army
    • Argonaut1 Argonaut
    • Syracusia1 Syracusia
    Other
    • Radar Tower1 Radar Tower

    Some games also: Pharos (48%) · submarine (40%) · converter (38%) · Hippocampus (37%) · Iapetus (30%)

    By 5:00 in all: 8 mex · 6 wind · 1 energy storage · 1 con turret

    The example game in this phase · 18 steps
    1. Mex
    2. KeteaSubmarine
    3. GoblinGoblin ×2
    4. KeteaSubmarine
    5. ZagreusZagreus
    6. Construction ShipCon ship
    7. Mex
    8. Construction ShipCon ship
    9. ArgonautArgonaut
    10. PharosPharos
    11. Mex
    12. PharosPharos
    13. IapetusIapetus
    14. Legion Bot LabEat Legion Bot Labreclaimed for its metal
    15. Mex ×2
    16. SyracusiaSyracusiadone 5:30 · typical 5:30
    17. Mex
    18. PharosPharos
  4. 4

    5:00 to 10:00

    Economy
    • Metal Extractor2Mex
    • Wind Turbine12Wind
    • Energy Converter3Converter
    Order
    1. Geothermal PowerplantGeo after 9 mex, 8 wind, 1 solarin 53% of games
    Builders
    • Construction Turret1 Con turret
    • Dionysus1 Dionysus
    Army
    • Pharos2 Pharos
    • Legion Drone8 Legion Drone
    • Syracusia3 Syracusia
    • Argonaut3 Argonaut

    Some games also: con ship (47%) · Bramble (40%)

    By 10:00 in all: 10 mex · 18 wind · 1 geo · 5 converter · 1 energy storage · 2 con turret

    The example game in this phase · 115 steps
    1. Radar TowerRadar Tower
    2. Wind
    3. Legion DroneLegion Drone
    4. DionysusDionysus
    5. Wind ×2
    6. SyracusiaSyracusia
    7. Legion DroneLegion Drone
    8. Wind ×2
    9. Legion DroneLegion Drone
    10. ArgonautArgonaut
    11. Energy storage
    12. Legion DroneLegion Drone
    13. SyracusiaSyracusia
    14. Advanced Metal ExtractorT2 mexdone 9:41 · typical 9:23
    15. Legion DroneLegion Drone
    16. DionysusDionysus
    17. IapetusIapetus
    18. Legion DroneLegion Drone
    19. PharosPharos
    20. SyracusiaSyracusia
    21. Radar TowerRadar Tower
    22. Geothermal PowerplantGeodone 10:02 · typical 7:40
    23. Legion DroneLegion Drone
    24. ArgonautArgonaut
    25. IapetusIapetus
    26. Legion DroneLegion Drone ×2
    27. DionysusDionysus
    28. Advanced Metal ExtractorT2 mex
    29. DionysusDionysus
    30. Con turret
    31. Legion DroneLegion Drone ×2
    32. SyracusiaSyracusia
    33. Legion DroneLegion Drone ×2
    34. Con turret
    35. Legion DroneLegion Drone
    36. SyracusiaSyracusia
    37. Wind
    38. Legion DroneLegion Drone ×2
    39. Wind
    40. Legion DroneLegion Drone
    41. Wind
    42. Converter
    43. Advanced Metal ExtractorT2 mex
    44. Wind
    45. Legion DroneLegion Drone
    46. ArgonautArgonaut
    47. Wind
    48. Legion DroneLegion Drone
    49. Con turret
    50. Wind ×2
    51. Converter
    52. IapetusIapetus
    53. Legion DroneLegion Drone ×2
    54. Wind
    55. Converter
    56. Wind
    57. DionysusDionysus
    58. Wind ×3
    59. Converter
    60. DionysusDionysus
    61. Wind ×5
    62. SyracusiaSyracusia
    63. Wind ×2
    64. Legion DroneLegion Drone
    65. Converter
    66. Wind ×7
    67. Legion DroneLegion Drone ×2
    68. Converter
    69. Legion DroneLegion Drone
    70. SyracusiaSyracusia
    71. Advanced Metal ExtractorT2 mex
    72. Converter
    73. Wind ×2
    74. Con turret
    75. Wind
    76. Legion DroneLegion Drone
    77. Wind
    78. Legion DroneLegion Drone ×2
    79. Wind
    80. Legion DroneLegion Drone
    81. Wind ×2
    82. Legion DroneLegion Drone
    83. Wind
    84. IapetusIapetus
    85. Wind
    86. Converter
    87. DionysusDionysus
    88. Legion DroneLegion Drone
    89. Wind
    90. Legion DroneLegion Drone ×2
    91. Converter
    92. DionysusDionysus
    93. Legion DroneLegion Drone
    94. Wind ×2
    95. SyracusiaSyracusia
    96. Wind ×2
    97. Legion DroneLegion Drone ×3
    98. Converter
    99. Wind
    100. Legion DroneLegion Drone
    101. Wind
    102. SyracusiaSyracusia
    103. Wind
    104. Legion DroneLegion Drone
    105. Wind
    106. Con turret
    107. Legion DroneLegion Drone
    108. IapetusIapetus
    109. Wind
    110. Legion DroneLegion Drone
    111. Wind
    112. Advanced ShipyardAdvanced Shipyardnot finished by 15:00
    113. Converter
    114. Con turret
    115. OrcaSubmarinenot finished by 15:00

Counts are medians over the build's games: half of them build more, half fewer. The example game is iriS_xe's (31 OS, 03/10/2026); pick another.

Team trades

IN AT LEAST 30% OF ITS GAMES

You hand over

  • Wind Turbine2 Wind to Airfirst at 1:47 · in 70% of games

You get

  • Finch1 Finch from Airfirst at 1:56 · in 58% of games
  • Hercules1 Light transport from Airfirst at 2:10 · in 42% of games
  • Advanced Construction Bot1 T2 con bot from Techfirst at 7:30 · in 75% of games

How it plays out

Typical game of this build, running totals by minute

Metal produced

010k20k30k
0:005:0010:0015:00

metal

Enemy metal destroyed

05k10k
0:005:0010:0015:00

metal

Own metal lost

02k4k6k
0:005:0010:0015:00

metal

60 games.

Show as table
ByMetal produced: This buildEnemy metal destroyed: This buildOwn metal lost: This build
1:0039500
2:0092800
3:00160500
4:002864040
5:00401214151
6:005384368122
7:006824650293
8:0084801489618
9:001020321361075
10:001218127191296
11:001471838851874
12:001776447562264
13:002035856932654
14:002344268464128
15:002734384014628
WHAT THE NUMBERS SAY

Standard sea opener with heavy early metal from eating the bot lab, but team still won well under half.

  • + Produces far more metal than enemy destroys by 5:00 (3995 vs 183).
  • − Team only won 41% of games despite the strong economy lead.
THE EXAMPLE YOU ARE READING

iriS_xe

30.7 OS · 03/10/2026

Open source match ↗

10 received units · includes a constructor
207 metal received · 24399 energy received

Allied construction assistance is unknown. Timings are observations, not a promise of solo reproducibility.

Typical milestones

Legion Bot Lab1:11Middle 50%: 1:05–1:26 · n=59
Shipyard3:16Middle 50%: 2:41–3:37 · n=60
Syracusia5:30Middle 50%: 4:56–6:08 · n=60
Geothermal Powerplant7:40Middle 50%: 6:54–9:19 · n=39
Advanced Metal Extractor9:23Middle 50%: 8:38–9:53 · n=43

Played most by

KingBenjai9games of this buildsirniho9games of this buildRysica5games of this buildJesterB4games of this buildQwertylololo4games of this build